 Dungeon Crawl Stone Soup version 0.20.1-1-g8b1a95d (webtiles) character file.

13921 Peloso the Blocker (level 11, 0/100 HPs)
             Began as a Deep Dwarf Fighter on Aug 5, 2017.
             Was a High Priest of Okawaru.
             Killed by the air
             ... invoked by Gastronok
              (28 damage)
             ... on level 3 of the Lair of Beasts on Aug 6, 2017.
             The game lasted 00:39:00 (10971 turns).

Peloso the Blocker (Deep Dwarf Fighter)            Turns: 10971, Time: 00:39:01

Health: 0/100      AC: 18    Str: 23    XL:     11   Next: 81%
Magic:  3/3        EV: 12    Int:  9    God:    Okawaru [*****.]
Gold:   656        SH: 13    Dex: 12    Spells: 10/10 levels left

rFire    x . .     SeeInvis .   t - +3 whip (vamp)
rCold    + . .     Gourm    .   c - +1 shield
rNeg     + + +     Faith    .   n - +5 scale mail of the Ditch-Digger {Regen+}
rPois    .         Spirit   .   w - +0 helmet
rElec    .         Reflect  .   (no cloak)
rCorr    .         Harm     .   (no gloves)
MR       ++...                  h - +0 pair of boots
Stlth    ..........             (no amulet)
Regen    0.0/turn               G - ring of Hasoy {Ice *Corrode +Blink rN+++ Stlth-}
MPRegen  0.1/turn               (no ring)

@: non-regenerating
A: damage resistance, heal wounds, iridescent scales 1, deterioration 1, magic
resistance 1, sense surroundings 2, no regeneration
a: Heal Wounds, Heroism, Finesse, Renounce Religion, Evoke Blink


You were on level 3 of the Lair of Beasts.
You worshipped Okawaru.
Okawaru was extremely pleased with you.
You were not hungry.

You visited 3 branches of the dungeon, and saw 13 of its levels.
You also visited: Ossuary and Ice Cave.

You collected 656 gold pieces.

Inventory:

Hand Weapons
 a - a +0 long sword
 e - the +3 whip of Blood-Lust {drain, rPois}
   (You found it on level 4 of the Dungeon)

   A truly terrible weapon, it drains the life of those it strikes.
   It protects you from poison.
 r - a +3 executioner's axe of freezing
 t - a +3 vampiric whip (weapon)
 J - the +10 whip of Symmetry {venom, MP+9 Int+2}
   (You found it on level 2 of the Lair of Beasts)

   It poisons the flesh of those it strikes.
   It affects your intelligence (+2).
   It affects your magic capacity (+9).
Armour
 c - a +1 shield (worn)
 h - a +0 pair of boots (worn)
 n - the +5 scale mail of the Ditch-Digger (worn) {Regen+}
   (You found it in an ice cave)

   It increases your rate of regeneration.
 w - a +0 helmet (worn)
Jewellery
 G - the ring of Hasoy (left hand) {Ice *Corrode +Blink rN+++ Stlth-}
   (You found it on level 1 of the Lair of Beasts)

   [ring of ice]

   It enhances your ice magic.
   It makes you vulnerable to fire.
   It protects you from cold.
   It renders you almost immune to negative energy.
   It lets you blink.
   It may corrode you when you take damage.
   It makes you less stealthy.
Wands
 d - a wand of polymorph (1/24)
 j - a wand of disintegration (0/24)
 l - a wand of lightning (9/15)
 p - a wand of flame (35/48)
 F - a wand of digging (11/24)
Scrolls
 b - a scroll of blinking
 q - 9 scrolls of teleportation
 s - 7 scrolls of remove curse
 z - 2 scrolls of enchant weapon
 C - a scroll of silence {unknown}
 D - 3 scrolls of recharging
 I - a scroll of enchant armour
 L - a scroll of identify
 N - a scroll of magic mapping
Potions
 g - a potion of brilliance
 i - a potion of haste
 m - 3 potions of flight
 o - a potion of curing
 H - a potion of magic {unknown}
Books
 k - Sif Muna's Guide on Malediction
   (You found it in an ice cave)

   Spells                             Type                      Level
   a - Ensorcelled Hibernation        Hexes/Ice                    2
   b - Invisibility                   Hexes                        6
 u - a book of Air

   Spells                             Type                      Level
   a - Shock                          Conjuration/Air              1
   b - Swiftness                      Charms/Air                   2
   c - Static Discharge               Conjuration/Air              3
   d - Airstrike                      Air                          4
   e - Lightning Bolt                 Conjuration/Air              5
 v - a book of Misfortune

   Spells                             Type                      Level
   a - Confusing Touch                Hexes                        1
   b - Confuse                        Hexes                        3
   c - Gell's Gravitas                Translocation                3
   d - Petrify                        Transmutation/Earth          4
   e - Metabolic Englaciation         Hexes/Ice                    5
   f - Yara's Violent Unravelling     Hexes/Transmutation          5
 y - a book of Cantrips

   Spells                             Type                      Level
   a - Confusing Touch                Hexes                        1
   b - Animate Skeleton               Necromancy                   1
   c - Summon Small Mammal            Summoning                    1
   d - Apportation                    Translocation                1
 B - a book of Conjurations

   Spells                             Type                      Level
   a - Magic Dart                     Conjuration                  1
   b - Searing Ray                    Conjuration                  2
   c - Dazzling Spray                 Conjuration/Hexes            3
   d - Fulminant Prism                Conjuration/Hexes            4
   e - Force Lance                    Conjuration/Translocation    4
   f - Iskenderun's Mystic Blast      Conjuration                  4
 E - the Disquisition on Enchantment
   (You found it in an ice cave)

   Spells                             Type                      Level
   a - Corona                         Hexes                        1
   b - Metabolic Englaciation         Hexes/Ice                    5
   c - Discord                        Hexes                        8
Comestibles
 f - 9 bread rations
 x - 3 meat rations
 A - 7 fruits
 K - a royal jelly
 M - 3 chunks of flesh


   Skills:
 + Level 7.1 Fighting
 + Level 4.2 Long Blades
 + Level 10.4 Maces & Flails
 + Level 9.4 Armour
 + Level 5.6 Dodging
 + Level 1.6 Stealth
 + Level 11.2 Shields
 + Level 2.2 Invocations
 + Level 0.6 Evocations


You had 10 spell levels left.
You didn't know any spells.

Dungeon Overview and Level Annotations

Branches:
Dungeon (9/15)             Temple (1/1) D:7            Lair (3/6) D:9
 Shoals (0/4) Lair:2        Snake (0/4) Lair:3
    Orc: D:9-12

Altars:
Dithmenos
Elyvilon
Fedhas
Gozag
Hepliaklqana
Makhleb
Nemelex Xobeh
Okawaru
Qazlal
Ru
Sif Muna
Trog
Uskayaw
Xom
Yredelemnul
Zin
The Shining One

Shops:
D:6 :

Annotations:
Lair:1 exclusion: oklob plant
Lair:2 exclusion: oklob plant
Lair:3 Gastronok


Innate Abilities, Weirdness & Mutations

You are resistant to damage.
You can heal yourself by infusing magical energy.
You passively map the area around you.
You do not regenerate.
You are partially covered in iridescent scales. (AC +2)
Your body sometimes deteriorates upon taking damage.
You are resistant to hostile enchantments. (MR+)


Message History

You hit the five-headed hydra.
You feel better.
The five-headed hydra is almost dead.
Unknown command.
You whack the five-headed hydra!
You feel better.
You kill the five-headed hydra!
Okawaru is honoured by your kill.
You feel your strength returning.
Unknown command.
You see here a hydra corpse.
Unknown command.
Found a scroll of magic mapping.
You feel like a meek peon again.
Found 18 sling bullets.
N - a scroll of magic mapping Gastronok the Ponderous comes into view.
Gastronok gurgles horribly!
Gastronok is nearby!
Gastronok waves his eye-stalks in wide circles.
The air twists around and strikes you!
You die...

, .....(........ ,
,................. , , *
*#.. ...........#...
*####..#..........##... *
#......#..........#.# *
#......#.##.......P.##**
#......#.##.#........# ,
#......#............##
*#......@.............##
* ..................†..P#
,
*#w..........#.....##.##
, *
*#..........#......##.###
*
...$.#.#...##....###.#.#
,
*.....###....#.....PP..##
..$., ,....##.......<...
, .... .............>...
, ...........####...


You could see Gastronok.

Vanquished Creatures
  A hydra (Lair:3)
  A two-headed ogre (D:9)
  Pikel (D:5)
  2 ugly things (IceCv)
  A black mamba (Lair:2)
  3 ice statues (IceCv)
  The ghost of cossakc the Destroyer, a novice DEWz of Vehumet (D:7)
  2 spiny frogs
  4 komodo dragons (Lair:2)
  12 blink frogs
  2 hippogriffs
  A snapping turtle (Lair:2)
  3 wyverns
  A steam dragon (D:8)
  Menkaure (Ossuary)
  A hungry ghost (D:9)
  A porcupine (Lair:2)
  A water moccasin (Lair:1)
  7 ice beasts
  3 sky beasts
  The ghost of vlindergert the Chopper, an amateur HOFi (D:3)
  3 wolves (D:9)
  5 ogres
  2 crocodiles
  A big kobold (D:8)
  A gnoll sergeant (D:7)
  6 bullfrogs
  3 scorpions
  15 killer bees (D:7)
  3 howler monkeys
  A centaur zombie (D:8)
  2 crimson imps
  2 jellies
  8 hounds
  A centaur skeleton (D:4)
  A gnoll shaman (D:5)
  3 orc priests
  2 bullfrog skeletons
  4 iguanas
  4 orc wizards
  3 worker ants
  Terence (D:2)
  A killer bee zombie (D:6)
  A hound skeleton (D:6)
  2 mummies (Ossuary)
  9 gnolls
  5 adders
  2 shadow imps
  An ooze (D:2)
  3 worms
  4 dart slugs
  4 leopard geckos
  26 orcs
  7 giant cockroaches
  4 gnoll zombies
  8 goblins
  7 hobgoblins
  2 jackals (D:5)
  8 kobolds
  3 quokkas
  7 bats
  4 frilled lizards
  2 gnoll skeletons (Ossuary)
  2 goblin skeletons (Ossuary)
  A goblin zombie (Ossuary)
  2 hobgoblin skeletons (Ossuary)
  4 hobgoblin zombies (Ossuary)
  A jackal skeleton (D:4)
  A jackal zombie (D:7)
  2 kobold skeletons (Ossuary)
  A kobold zombie (Ossuary)
  2 orc skeletons (Ossuary)
  4 orc zombies (Ossuary)
  6 rats
  A rat skeleton (Ossuary)
  3 rat zombies
261 creatures vanquished.

Vanquished Creatures (others)
  A hound (D:5)
  A mummy (Ossuary)
  A giant cockroach (D:6)
  A gnoll skeleton (Ossuary)
  3 goblin skeletons (Ossuary)
  3 goblin zombies (Ossuary)
  4 hobgoblin skeletons (Ossuary)
  A hobgoblin zombie (Ossuary)
  A kobold skeleton (Ossuary)
  A kobold zombie (Ossuary)
  3 orc skeletons (Ossuary)
  3 orc zombies (Ossuary)
  2 rat skeletons (Ossuary)
  4 rat zombies (Ossuary)
29 creatures vanquished.

Grand Total: 290 creatures vanquished

Notes
Turn   | Place    | Note
-------+----------+-------------------------------------------
     0 | D:1      | Peloso the Deep Dwarf Fighter began the quest for the Orb.
     0 | D:1      | Reached XP level 1. HP: 20/20 MP: 1/1
   167 | D:1      | Reached XP level 2. HP: 18/27 MP: 2/2
   940 | D:2      | Reached XP level 3. HP: 20/33 MP: 3/3
  1001 | D:2      | Noticed Terence
  1016 | D:2      | HP: 1/33 [Terence/hand axe of chopping (2)]
  1021 | D:2      | Killed Terence
  1021 | D:2      | Reached skill level 1 in Dodging
  1363 | D:2      | Reached XP level 4. HP: 32/40 MP: 4/4
  1500 | D:3      | Noticed vlindergert's ghost (amateur HOFi)
  1667 | D:4      | Noticed an ice beast
  1688 | D:4      | Reached XP level 5. HP: 43/49 MP: 5/5
  1703 | D:4      | HP: 1/49 [ice beast (12)]
  1727 | D:4      | Killed an ice beast
  1727 | D:4      | Reached skill level 4 in Shields
  1820 | D:4      | Reached skill level 1 in Maces & Flails
  1820 | D:4      | Reached XP level 6. HP: 41/56 MP: 6/6
  2163 | D:4      | Found a basalt altar of Yredelemnul.
  2422 | D:4      | Got a smoking whip
  2541 | D:4      | Identified the +3 whip of Blood-Lust {drain, rPois} (You found it on level 4 of the Dungeon)
  2562 | D:5      | Entered Level 5 of the Dungeon
  2566 | D:5      | Noticed a sky beast
  2593 | D:5      | Killed a sky beast
  2593 | D:5      | Reached XP level 7. HP: 62/62 MP: 7/7
  2695 | D:5      | Noticed Pikel
  2741 | D:5      | Killed Pikel
  2741 | D:5      | Reached skill level 5 in Armour
  2741 | D:5      | Reached skill level 1 in Stealth
  2741 | D:5      | Reached skill level 5 in Shields
  2741 | D:5      | Reached XP level 8. HP: 65/72 MP: 8/8
  3442 | D:6      | Found a glowing silver altar of Zin.
  3443 | D:6      | Noticed an angel
  3447 | D:6      | Found a shimmering altar of Xom.
  3636 | D:6      | Reached skill level 6 in Shields
  3785 | D:6      | Found Koatuich's Book Emporium.
  3948 | D:6      | Reached skill level 5 in Maces & Flails
  4140 | D:7      | Found a glowing golden altar of the Shining One.
  4445 | D:7      | Reached skill level 7 in Shields
  4465 | D:7      | Gained mutation: You passively map the area around you. [Deep Dwarf growth]
  4465 | D:7      | Reached XP level 9. HP: 52/79 MP: 9/9
  4507 | D:7      | Found a staircase to the Ecumenical Temple.
  4518 | Temple   | Entered the Ecumenical Temple
  4526 | Temple   | Became a worshipper of Warmaster Okawaru
  4549 | D:7      | Found a stormy altar of Qazlal.
  4550 | D:7      | Found a bloodstained altar of Trog.
  4550 | D:7      | Found a hide-covered altar of Uskayaw.
  4555 | D:7      | Noticed cossakc's ghost (novice DEWz)
  4617 | D:7      | Killed cossakc's ghost
  4617 | D:7      | Reached skill level 5 in Fighting
  4889 | D:7      | Reached * piety under Okawaru
  5096 | D:7      | Found a glowing golden altar of the Shining One.
  5127 | D:7      | Found a sacrificial altar of Ru.
  5197 | D:7      | Reached skill level 8 in Shields
  5342 | D:7      | Found a hazy altar of Hepliaklqana.
  5343 | D:7      | Found a sparkling altar of Nemelex Xobeh.
  6121 | D:3      | Killed vlindergert's ghost
  6921 | D:8      | Found a sand-covered staircase.
  6939 | Ossuary  | Entered an ossuary
  7241 | Ossuary  | Noticed Menkaure
  7253 | Ossuary  | Killed Menkaure
  7430 | D:8      | Reached XP level 10. HP: 53/88 MP: 10/10
  7610 | D:8      | Reached ** piety under Okawaru
  8032 | D:9      | Noticed a two-headed ogre
  8048 | D:9      | Killed a two-headed ogre
  8048 | D:9      | Reached skill level 9 in Shields
  8245 | D:9      | Found a staircase to the Lair.
  8256 | Lair:1   | Entered Level 1 of the Lair of Beasts
  8378 | Lair:1   | Found a frozen archway.
  8428 | Lair:1   | Reached *** piety under Okawaru
  8432 | IceCv    | Entered an ice cave
  8519 | IceCv    | Got a polished scale mail
  8530 | IceCv    | Identified the +5 scale mail of the Ditch-Digger {Regen+} (You found it in an ice cave)
  8557 | IceCv    | Noticed a white ugly thing
  8592 | IceCv    | Killed a white ugly thing
  8592 | IceCv    | Reached skill level 10 in Shields
  8592 | IceCv    | Reached skill level 1 in Invocations
  8603 | IceCv    | Identified the Disquisition on Enchantment
  8613 | IceCv    | Noticed an ice statue
  8613 | IceCv    | Noticed an ice statue
  8626 | IceCv    | Noticed an ice statue
  8653 | IceCv    | Noticed a white ugly thing
  8660 | IceCv    | Killed an ice statue
  8749 | IceCv    | Killed an ice statue
  8806 | IceCv    | HP: 4/92 [ice statue/bolt of cold (11)]
  8820 | IceCv    | Killed an ice statue
  8820 | IceCv    | Reached XP level 11. HP: 28/99 MP: 2/2
  8834 | IceCv    | Killed a white ugly thing
  8854 | IceCv    | Identified Sif Muna's Guide on Malediction
  9094 | Lair:1   | Reached **** piety under Okawaru
  9334 | Lair:1   | Got a twitching steel ring
  9335 | Lair:1   | Identified the ring of Hasoy {Ice *Corrode +Blink rN+++ Stlth-} (You found it on level 1 of the Lair of Beasts)
  9376 | Lair:1   | Noticed an oklob plant
  9682 | Lair:1   | Gained mutation: Your body sometimes deteriorates upon taking damage. [potion of mutation]
  9682 | Lair:1   | Gained mutation: You are resistant to hostile enchantments. (MR+) [potion of mutation]
  9682 | Lair:1   | Gained mutation: You possess an exceptional clarity of mind. [potion of mutation]
  9683 | Lair:1   | Lost mutation: You possess an exceptional clarity of mind. [potion of mutation]
  9683 | Lair:1   | Lost mutation: Your body sometimes deteriorates upon taking damage. [potion of mutation]
  9683 | Lair:1   | Lost mutation: You are resistant to hostile enchantments. (MR+) [potion of mutation]
  9683 | Lair:1   | Gained mutation: Your body sometimes deteriorates upon taking damage. [potion of mutation]
  9683 | Lair:1   | Gained mutation: You are resistant to hostile enchantments. (MR+) [potion of mutation]
  9683 | Lair:1   | Gained mutation: You are partially covered in iridescent scales. (AC +2) [potion of mutation]
  9771 | Lair:2   | Got an ebony whip
  9772 | Lair:2   | Identified the +10 whip of Symmetry {venom, MP+9 Int+2} (You found it on level 2 of the Lair of Beasts)
  9985 | Lair:2   | Reached skill level 5 in Dodging
 10040 | Lair:2   | Reached ***** piety under Okawaru
 10202 | Lair:2   | Found a staircase to the Shoals.
 10237 | Lair:2   | Reached skill level 10 in Maces & Flails
 10475 | Lair:2   | Noticed an oklob plant
 10527 | Lair:2   | Reached skill level 11 in Shields
 10917 | Lair:3   | Noticed a five-headed hydra
 10938 | Lair:3   | HP: 3/100 [five-headed hydra (12)]
 10958 | Lair:3   | Killed a five-headed hydra
 10970 | Lair:3   | Noticed Gastronok
 10971 | Lair:3   | Killed from afar by Gastronok

Skill      XL: |  1  2  3  4  5  6  7  8  9 10 11 |
---------------+----------------------------------+-----
Armour         | 4 5 6 8 9 |  9.4
Dodging        | 1 2 3 4 5 |  5.6
Long Blades    | 3 4 |  4.2
Fighting       | 3 4 5 6 7 |  7.1
Shields        | 4 5 7 8 10 11 | 11.2
Maces & Flails | 1 3 4 5 7 9 10 | 10.4
Stealth        | 1 |  1.6
Invocations    | 1 2 |  2.2
Evocations     | |  0.6

Action                   |  1- 3 |  4- 6 |  7- 9 | 10-12 || total
-------------------------+-------+-------+-------+-------++-------
Melee: Long sword        |   126 |    32 |       |       ||   158
       Whip              |       |   197 |   980 |   913 ||  2090
Invok: Heroism           |       |       |       |    17 ||    17
 Abil: Heal Wounds       |     1 |     2 |     2 |    23 ||    28
Evoke: Wand              |       |       |       |     3 ||     3
  Use: Scroll            |       |     8 |     7 |     2 ||    17
       Potion            |       |     1 |     4 |     9 ||    14
 Stab: Invisible         |       |       |       |     3 ||     3
  Eat: Chunk             |     1 |     7 |    17 |    12 ||    37
       Fruit             |       |     4 |       |       ||     4
       Royal jelly       |       |     2 |       |     2 ||     4
Armor: Scale mail        |    49 |     5 |       |   153 ||   207
       Chain mail        |       |   105 |   272 |   105 ||   482
Dodge: Dodged            |    41 |    43 |   197 |   281 ||   562
Block: Shield            |    71 |    80 |   531 |   463 ||  1145
       Rpst.: Long sword |    10 |     5 |       |       ||    15
